 Dungeon Crawl Stone Soup version 0.19-a0-1931-gf4bb0bd (webtiles) character file.

21023 GordonOverkill the Severer (level 12, -4/110 HPs)
             Began as a Hill Orc Monk on Oct 25, 2016.
             Was a High Priest of Okawaru.
             Shot with a bolt by an orc knight (10 damage)
             ... on level 2 of the Orcish Mines.
             The game lasted 00:38:24 (17582 turns).

GordonOverkill the Severer (Hill Orc Monk)         Turns: 17582, Time: 00:38:25

Health: -4/110     AC: 20    Str: 19    XL:     12   Next: 85%
Magic:  17/21      EV: 16    Int: 10    God:    Okawaru [*****.]
Gold:   1327       SH:  0    Dex: 16    Spells: 0 memorised, 11 levels left

rFire  . . .     SeeInvis .     p - +4 battleaxe (freeze)
rCold  . . .     Gourm    .     o - +0 plate armour
rNeg   . . .     Faith    .     (shield currently unavailable)
rPois  .         Spirit   .     h - +1 helmet
rElec  .         Reflect  .     v - +0 cloak
rCorr  .         Harm     .     (no gloves)
MR     .....                    F - +0 pair of boots {Stlth+}
Stlth  +.........               (no amulet)
                                y - +6 ring of evasion
                                M - +3 ring of dexterity

@: heroism, finesse
A: no striking features
a: Heroism, Finesse, Renounce Religion, Convert to Beogh


You were on level 2 of the Orcish Mines.
You worshipped Okawaru.
Okawaru was extremely pleased with you.
You were not hungry.

You visited 4 branches of the dungeon, and saw 16 of its levels.

You collected 1327 gold pieces.

Inventory:

Hand Weapons
 p - a +4 battleaxe of freezing (weapon)
Armour
 h - a +1 helmet (worn)
 o - a +0 plate armour (worn)
 v - a +0 cloak (worn)
 F - a +0 pair of boots of stealth (worn)
 Q - a +0 buckler
Jewellery
 y - a +6 ring of evasion (right hand)
 M - a +3 ring of dexterity (left hand)
Wands
 b - a wand of slowing (24/48)
 P - a wand of flame (8/48)
Scrolls
 j - 7 scrolls of remove curse
 l - 2 scrolls of recharging
 r - 3 scrolls of magic mapping
 B - a scroll of fear
 G - 2 scrolls of enchant armour
 L - a scroll of fog
 N - a scroll of amnesia
Potions
 e - a potion of cure mutation
 n - a potion of haste
 s - a potion of resistance
 t - 2 potions of might
 u - 2 potions of agility
 z - 2 potions of lignification
 C - 2 potions of brilliance
 D - a potion of flight
 H - a potion of invisibility {unknown}
 O - a potion of mutation {unknown}
Books
 g - a book of Flames

   Spells                             Type                      Level
   a - Flame Tongue                   Conjuration/Fire             1
   b - Throw Flame                    Conjuration/Fire             2
   c - Conjure Flame                  Conjuration/Fire             3
   d - Inner Flame                    Hexes/Fire                   3
   e - Sticky Flame                   Conjuration/Fire             4
   f - Fireball                       Conjuration/Fire             5
 w - a book of Necromancy

   Spells                             Type                      Level
   a - Pain                           Necromancy                   1
   b - Animate Skeleton               Necromancy                   1
   c - Vampiric Draining              Necromancy                   3
   d - Regeneration                   Charms/Necromancy            3
   e - Animate Dead                   Necromancy                   4
   f - Control Undead                 Necromancy                   4
 A - a book of Cantrips

   Spells                             Type                      Level
   a - Confusing Touch                Hexes                        1
   b - Animate Skeleton               Necromancy                   1
   c - Summon Small Mammal            Summoning                    1
   d - Apportation                    Translocation                1
Comestibles
 a - 5 chunks of flesh
 c - 6 bread rations
 d - 9 fruits
 i - 9 meat rations
 k - 4 slices of pizza
 I - 11 royal jellies
 J - 4 beef jerkies


   Skills:
 - Level 11.0(16.0) Fighting
 + Level 17.7(22.7) Axes
 + Level 6.7(11.7) Armour
 - Level 3.0(8.0) Dodging
 - Level 5.0(10.0) Stealth
 - Level 12.0 Invocations


You had 11 spell levels left.
You didn't know any spells.

Dungeon Overview and Level Annotations

Branches:
Dungeon (12/15)            Temple (1/1) D:5            Lair (1/6) D:10
    Orc (2/2) D:9             Elf (0/3) Orc:2

Altars:
Ashenzari
Cheibriados
Dithmenos
Elyvilon
Fedhas
Gozag
Hepliaklqana
Kikubaaqudgha
Makhleb
Nemelex Xobeh
Okawaru
Qazlal
Ru
Sif Muna
Trog
Uskayaw
Vehumet
Xom
Yredelemnul
Zin
The Shining One
Beogh

Shops:
D:6 %   D:10 (

Annotations:
D:5 Edmund, Menkaure


Message History

Unknown command.
Okay, then.
The orc knight unwields an uncursed enchanted war axe.
The orc knight wields an uncursed arbalest.
The orc knight shoots a bolt.
The bolt hits you but does no damage.
You hear a roar!
You hear a shout!
You see here a bolt.
The orc wizard gestures wildly while chanting.
The orc wizard flickers and vanishes!
Deactivating autopickup; reactivate with Ctrl-A.
Okay, then.
Okay, then.
The orc priest calls upon Beogh to heal the orc knight.
The orc knight is healed somewhat.
The orc priest no longer looks unusually strong.
The orc knight shoots a bolt.
The bolt hits you but does no damage.
The orc knight unwields an uncursed battleaxe.
The orc knight wields an arbalest.
The orc knight shoots a bolt.
The bolt hits you!
You die...

#......................
#...................... ##
##.#................... .##...÷..
#.#.............#..... ..#.....÷
#.#................... .##....§o
###................... ..#..o...
#........[.#........ ..#÷.÷o.o
##...)....#.##......# #.##...{o
#..o@#...........#.##
##.##...o####.).##............###
#...#..÷.)##o...#..........#.####
....###..oo....##.........)### #.
......##.[.o..##......#.#...## ##
.......###.o.##.#.#.##....[#)## #
.........#####.....#.......[..#
#.....#.................#....##
#...#.##................###..## #


You could see 2 orc knights, an orc high priest, an orc sorcerer, an orc priest
and an orc.

Vanquished Creatures
  Harold (D:9)
  A centaur warrior (D:10)
  An orc high priest (Orc:2)
  Nergalle (D:10)
  Pikel (D:4)
  2 orc knights
  An ugly thing (D:11)
  2 orc sorcerers (Orc:1)
  An elephant (D:10)
  Maurice (D:8)
  A centaur zombie (D:11)
  Psyche (D:8)
  3 hornets (D:9)
  4 trolls
  A two-headed ogre (Orc:1)
  7 hippogriffs
  Sigmund (D:5)
  A shadow (D:11)
  2 wraiths
  15 yaks
  A basilisk (D:9)
  2 hungry ghosts
  2 chaos spawn (D:11)
  A mottled dragon (D:11)
  3 wargs
  A water moccasin (Orc:1)
  17 orc warriors
  5 sky beasts
  3 black bears
  5 ice beasts
  An eye of draining (D:11)
  9 ogres
  4 centaurs
  2 crocodiles
  A big kobold (D:4)
  Blork the orc (D:5)
  5 bullfrogs
  2 wyvern skeletons
  A water moccasin skeleton (D:5)
  4 scorpions
  8 killer bees
  4 wights
  2 electric eels (D:11)
  A howler monkey (D:9)
  3 bullfrog zombies
  3 crimson imps
  3 hounds
  A jelly (D:9)
  A quasit (D:7)
  2 centaur skeletons
  16 orc priests
  3 iguanas
  28 orc wizards
  6 worker ants
  A hound zombie (D:6)
  2 hound skeletons
  12 gnolls
  15 adders
  A howler monkey skeleton (D:10)
  4 shadow imps
  3 oozes
  An adder skeleton (D:5)
  3 worms
  2 dart slugs
  7 leopard geckos
  79 orcs
  A ball python (D:7)
  5 bats
  6 giant cockroaches
  8 goblins
  8 hobgoblins
  18 jackals
  8 quokkas
  2 frilled lizards
  3 kobolds
  2 leopard gecko skeletons
  A leopard gecko zombie (D:4)
  2 quokka skeletons
  7 rats
  A plant (D:1)
401 creatures vanquished.

Vanquished Creatures (others)
  The ghost of GordonOverkill the Cudgeler, a novice GrMo (D:4)
  A slave (D:4)
  A centaur (D:4)
  A dart slug (D:4)
  A jackal (D:4)
5 creatures vanquished.

Grand Total: 406 creatures vanquished

Notes
Turn   | Place    | Note
-------+----------+-------------------------------------------
     0 | D:1      | GordonOverkill the Hill Orc Monk began the quest for the Orb.
     0 | D:1      | Reached XP level 1. HP: 19/19 MP: 1/1
   277 | D:1      | Reached XP level 2. HP: 11/27 MP: 2/2
  1347 | D:2      | Found a stormy altar of Qazlal.
  1432 | D:2      | Reached XP level 3. HP: 33/33 MP: 3/3
  1568 | D:2      | HP: 1/33 [gnoll/club (4)]
  1570 | D:1      | Reached XP level 4. HP: 1/40 MP: 4/4
  2418 | D:3      | Reached skill level 5 in Axes
  2426 | D:3      | Reached XP level 5. HP: 23/46 MP: 5/5
  2704 | D:3      | Reached skill level 1 in Armour
  3335 | D:3      | Reached XP level 6. HP: 42/52 MP: 6/6
  4182 | D:4      | Reached skill level 6 in Axes
  4440 | D:4      | Noticed Pikel
  4440 | D:4      | Noticed a slave
  4440 | D:4      | Noticed a slave
  4441 | D:4      | Noticed a slave
  4442 | D:4      | Noticed a slave
  4543 | D:4      | Killed Pikel
  4543 | D:4      | Reached skill level 7 in Axes
  4543 | D:4      | Reached XP level 7. HP: 19/59 MP: 7/7
  5089 | D:4      | Killed GordonOverkill's ghost
  5192 | D:4      | Reached XP level 8. HP: 66/66 MP: 8/8
  5568 | D:5      | Entered Level 5 of the Dungeon
  5574 | D:5      | Found a radiant altar of Vehumet.
  5660 | D:5      | Noticed Blork the orc
  5718 | D:5      | Killed Blork the orc
  5718 | D:5      | Reached skill level 5 in Armour
  5718 | D:5      | Reached skill level 5 in Stealth
  5858 | D:4      | Reached skill level 8 in Axes
  6156 | D:5      | Found a staircase to the Ecumenical Temple.
  6156 | D:5      | Noticed Sigmund
  6188 | D:5      | Killed Sigmund
  6188 | D:5      | Reached skill level 5 in Fighting
  6204 | Temple   | Entered the Ecumenical Temple
  6479 | Temple   | Became a worshipper of Warmaster Okawaru
  6479 | Temple   | Reached * piety under Okawaru
  6479 | Temple   | Reached ** piety under Okawaru
  6573 | D:5      | Noticed Edmund
  6626 | D:5      | Reached skill level 9 in Axes
  6631 | D:5      | Noticed Menkaure
  7709 | D:6      | Reached XP level 9. HP: 73/78 MP: 9/9
  7862 | D:6      | Found Piowug's Food Shoppe.
  7911 | D:6      | Reached skill level 10 in Axes
  8262 | D:7      | Found a bloodstained altar of Trog.
  8352 | D:7      | Reached *** piety under Okawaru
  8352 | D:7      | Reached skill level 11 in Axes
  8352 | D:7      | Reached skill level 1 in Invocations
  8770 | D:8      | Noticed Psyche
  8791 | D:8      | Noticed Maurice
  8795 | D:8      | Killed Psyche
  8805 | D:8      | Killed Maurice
  8805 | D:8      | Reached skill level 12 in Axes
  8805 | D:8      | Reached skill level 5 in Invocations
  8805 | D:8      | Reached XP level 10. HP: 77/88 MP: 12/14
  9181 | D:8      | Found a radiant altar of Vehumet.
  9186 | D:8      | Found a burning altar of Makhleb.
  9186 | D:8      | Found a hide-covered altar of Uskayaw.
  9197 | D:8      | Reached **** piety under Okawaru
  9201 | D:8      | Found a shattered altar of Ashenzari.
  9203 | D:8      | Found a white marble altar of Elyvilon.
  9204 | D:8      | Found a bloodstained altar of Trog.
  9687 | D:9      | Reached skill level 13 in Axes
  9836 | D:9      | Reached ***** piety under Okawaru
 10371 | D:9      | Reached skill level 14 in Axes
 10583 | D:9      | Reached XP level 11. HP: 94/94 MP: 18/18
 10590 | D:9      | Reached skill level 10 in Invocations
 10603 | D:9      | Paralysed by a hornet for 1 turns
 11263 | D:9      | Found a staircase to the Orcish Mines.
 11572 | D:10     | Entered Level 10 of the Dungeon
 11572 | D:10     | Noticed Harold
 11634 | D:9      | Killed Harold
 11634 | D:9      | Reached skill level 15 in Axes
 11971 | D:10     | Found a staircase to the Lair.
 12006 | D:10     | Received a gift from Okawaru
 12226 | D:10     | Found Wooxaov's Antique Weapon Shop.
 12227 | D:10     | Noticed Nergalle
 12236 | D:10     | Killed Nergalle
 12236 | D:10     | Reached ****** piety under Okawaru
 12525 | D:10     | Found a blossoming altar of Fedhas.
 12572 | D:10     | Noticed a centaur warrior
 12579 | D:10     | Killed a centaur warrior
 12803 | Lair:1   | Entered Level 1 of the Lair of Beasts
 12803 | Lair:1   | Noticed an eight-headed hydra
 13307 | D:11     | Received a gift from Okawaru
 13443 | D:11     | Found a shimmering altar of Xom.
 13468 | D:11     | Reached skill level 16 in Axes
 13741 | D:11     | Noticed a green ugly thing
 13752 | D:11     | Killed a green ugly thing
 13752 | D:11     | Reached XP level 12. HP: 105/105 MP: 17/21
 14032 | D:11     | Reached skill level 10 in Fighting
 14315 | D:12     | Noticed a death knight
 14675 | Orc:1    | Entered Level 1 of the Orcish Mines
 15749 | Orc:1    | Found a roughly hewn altar of Beogh.
 15846 | Orc:1    | Noticed a soul eater
 15854 | Orc:1    | Reached skill level 17 in Axes
 16122 | Orc:1    | Found a roughly hewn altar of Beogh.
 16230 | Orc:2    | Entered Level 2 of the Orcish Mines
 16305 | Orc:2    | Found a staircase to the Elven Halls.
 16852 | Orc:1    | HP: 5/110 [orc knight/antimagic great sword (10)]
 17479 | Orc:2    | Received a gift from Okawaru
 17556 | Orc:2    | Noticed an orc high priest
 17561 | Orc:2    | Noticed an orc high priest
 17564 | Orc:2    | Killed an orc high priest
 17573 | Orc:2    | Noticed an orc high priest
 17575 | Orc:2    | HP: 4/110 [orc knight/uncursed enchanted war axe (32)]
 17582 | Orc:2    | Shot with a bolt by an orc knight

Vault maps used:
D:1:      shiori_arrival_elements, serial_forest,
          infiniplex_forest_clump_curved, infiniplex_forest_straight_2,
          infiniplex_forest_lined_3_way, infiniplex_forest_end_1,
          infiniplex_forest_lined_room_2, infiniplex_forest_lined_room_
D:2:      lemuel_round_altar, minmay_tromino_mix6
D:4:      serial_co_window_serial, co_window_cross_1, co_window_paths_b,
          co_window_paths_a, co_window_paths_a, co_window_paths_a,
          co_window_of_opportunity_a, co_window_paths_a,
          co_window_unsneaky_path_b, co_window_cross_2, co_window_broadway_c,
          co_window_4corner_a, uniq_pikel
D:5:      basic_altar, serial_shops, nicolae_shop_behind_doors, first_bread,
          uniq_menkaure, uniq_blork_the_orc, uniq_edmund, uniq_grinder,
          uniq_sigmund
D:6:      serial_shops, kennysheep_mini
D:7:      trog_ov_bears_minmay
D:8:      grunt_temple_overflow_open, uniq_psyche, uniq_maurice
D:9:      orc_0_dummy, hangedman_pestilent_swarm, minmay_joined_circles
D:10:     david_lair_generic, serial_shops, shop, fedhas_altar_2, uniq_harold,
          uniq_nergalle
D:11:     minivault_14, st_stairs_12, minmay_guarded_unrand_variability
D:12:     minmay_nested_s, elyvilon_altar_4
Temple:   dpeg_chambers_temple
Lair:1:   portal_ice_cave_entry_imps
Orc:1:    hangedman_feature_mirror
Orc:2:    grunt_orc_tribal_feast

Skill      XL: |  1  2  3  4  5  6  7  8  9 10 11 12 |
---------------+-------------------------------------+-----
Stealth        | 2 3 4 5 |  5.0
Fighting       | 4 6 8 9 11 | 11.0
Dodging        | 3 |  3.0
Axes           | 5 7 9 12 14 16 17 | 17.7
Armour         | 2 4 5 6 |  6.7
Invocations    | 5 9 12 | 12.0

Action                   |  1- 3 |  4- 6 |  7- 9 | 10-12 || total
-------------------------+-------+-------+-------+-------++-------
Melee: Hand axe          |   102 |   373 |   357 |       ||   832
       War axe           |       |       |    92 |       ||    92
       Battleaxe         |       |       |    99 |   735 ||   834
Invok: Heroism           |       |       |       |     8 ||     8
       Finesse           |       |       |       |     1 ||     1
Evoke: Wand              |       |       |       |     3 ||     3
  Use: Potion            |       |     2 |     1 |     7 ||    10
       Scroll            |       |       |    17 |    13 ||    30
 Stab: Sleeping          |     2 |     1 |       |       ||     3
       Distracted        |       |       |       |     1 ||     1
  Eat: Chunk             |     2 |    10 |    16 |    30 ||    58
       Fruit             |       |       |     1 |       ||     1
       Beef jerky        |       |       |     1 |       ||     1
Armor: Robe              |     3 |       |       |       ||     3
       Ring mail         |    22 |    10 |       |       ||    32
       Plate armour      |       |   247 |   268 |   298 ||   813
Dodge: Dodged            |    45 |    79 |   231 |   400 ||   755
